 Dungeon Crawl Stone Soup version 0.31.0 (webtiles) character file.

Game seed: 10386886917298597741

30 qw the Shooter (level 3, -1/21 HPs)
             Began as a Gargoyle Hunter on Jan 20, 2024.
             Slain by a gnoll
             ... wielding a +0 flail
              (5 damage)
             ... on level 1 of the Dungeon.
             The game lasted 00:00:02 (450 turns).

qw the Shooter (Gargoyle Hunter)                     Turns: 450, Time: 00:00:02

Health: -1/21      AC:  6    Str: 14    XL:     3   Next: 18%
Magic:  3/3        EV: 11    Int:  9    God:
Gold:   8          SH:  0    Dex: 15    Spells: 2/2 levels left

rFire   . . .        a - +0 shortbow
rCold   . . .        (shield currently unavailable)
rNeg    + . .        c - +0 leather armour
rPois   inf          (no helmet)
rElec   +            (no cloak)
rCorr   .            (no gloves)
SInv    .            (no boots)
Will    .....        (no amulet)
Stlth   ++           (no ring)
HPRegen 0.23/turn    (no ring)
MPRegen 0.08/turn

%: no passive effects
@: no status effects
A: sickness immunity, AC +3, negative energy resistance 1, electricity
resistance, torment resistance 1, petrification resistance
a: no special abilities


You were on level 1 of the Dungeon.
You visited 1 branch of the dungeon, and saw 1 of its levels.

You collected 8 gold pieces.


Innate Abilities, Weirdness & Mutations

You are immune to sickness and miasma.
Your stone body is resilient. (AC +3)
You are immune to poison.
You resist negative energy. (rN+)
You are resistant to electric shocks. (rElec)
You are resistant to unholy torment.
You are immune to petrification.


   Skills:
 + Level 2.2 Fighting
 - Level 5.0 Ranged Weapons
 - Level 1.5 Dodging
 - Level 1.1 Stealth


You had 2 spell levels left.
You didn't know any spells.
Your spell library was empty.

Inventory:

Hand Weapons
 a - a +0 shortbow (weapon)
Armour
 c - a +0 leather armour (worn)
Scrolls
 b - a scroll of butterflies
 e - a scroll of summoning {unknown}
 f - a scroll of amnesia {unknown}
 g - 2 scrolls of immolation {unknown}
 i - a scroll of identify {unknown}
Potions
 d - a potion of enlightenment {unknown}
 h - a potion of invisibility {unknown}

Dungeon Overview and Level Annotations

Branches:
Dungeon (1/15)

Altars:


Message History

The quokka closely misses you. The goblin hits you but does no damage.
The gnoll hits you but does no damage. The quokka barely misses you.
You shoot an arrow.
The arrow hits the gnoll but does no damage.
The gnoll is heavily wounded.
The goblin misses you. The gnoll hits you with a +0 flail.
The quokka misses you.
You shoot an arrow. The arrow closely misses the gnoll.
The arrow closely misses the bat.
The quokka closely misses you. The goblin closely misses you.
The gnoll hits you with a +0 flail.
You shoot an arrow. The arrow closely misses the gnoll.
The arrow hits the bat.
You kill the bat!
The quokka misses you. The goblin misses you.
The gnoll hits you but does no damage. The quokka barely misses you.
The gnoll barely misses you. The goblin hits you with a +0 dagger.
You shoot an arrow. The arrow closely misses the gnoll.
The quokka closely misses you. The goblin hits you but does no damage.
The gnoll barely misses you.
You shoot an arrow. The arrow closely misses the gnoll.
The quokka closely misses you. The goblin hits you but does no damage.
The gnoll completely misses you. The quokka completely misses you.
You shoot an arrow. The arrow hits the gnoll.
The gnoll is severely wounded.
The goblin misses you. The gnoll hits you with a +0 flail.
The quokka bites you but does no damage.
You shoot an arrow.
The arrow hits the gnoll but does no damage.
The gnoll is severely wounded.
The quokka bites you but does no damage.
The goblin hits you but does no damage. The gnoll barely misses you.
The quokka barely misses you.
You shoot an arrow. The arrow barely misses the gnoll.
The goblin closely misses you. The gnoll barely misses you.
The quokka misses you. The gnoll hits you with a +0 flail.
The goblin hits you but does no damage.
You shoot an arrow. The arrow closely misses the gnoll.
The quokka barely misses you. The goblin closely misses you.
The gnoll hits you with a +0 flail.
You die...

###### #....#
#....################
...#..r.)...............
.)...%g@################
>....)g...# #..
...######.# #.. .# .#
#.) # #.. #.. #.. ###


You could see a gnoll, a quokka and a goblin.

Vanquished Creatures
  A dart slug (D:1)
  3 bats (D:1)
  3 endoplasms (D:1)
  7 goblins (D:1)
  2 hobgoblins (D:1)
  4 kobolds (D:1)
  A quokka (D:1)
  A ball python (D:1)
  A frilled lizard (D:1)
  A rat (D:1)
24 creatures vanquished.

Notes
Turn   | Place    | Note
-------+----------+-------------------------------------------
     0 | D:1      | qw the Gargoyle Hunter began the quest for the Orb.
     0 | D:1      | Reached XP level 1. HP: 12/12 MP: 1/1
     0 | D:1      | 0 ||| qw: Version: 0.3-a-132-g3d54051
     0 | D:1      | 0 ||| qw: Game counter: 473
     0 | D:1      | 0 ||| qw: Melee chars always use a shield: true
     0 | D:1      | 0 ||| qw: God list: Okawaru
     0 | D:1      | 0 ||| qw: Allow faded altars: false
     0 | D:1      | 0 ||| qw: Do Orc after clearing Dungeon:15 true
     0 | D:1      | 0 ||| qw: Do second Lair branch before Depths: true
     0 | D:1      | 0 ||| qw: Lair rune preference: random
     0 | D:1      | 0 ||| qw: Goals: Normal
     0 | D:1      | 0 ||| PLANNING D:1-11
    59 | D:1      | Reached XP level 2. HP: 17/17 MP: 2/2
   248 | D:1      | Reached XP level 3. HP: 15/21 MP: 3/3
   424 | D:1      | Reached skill level 5 in Ranged Weapons
   449 | D:1      | HP: 4/21 [gnoll/+0 flail (6)]
   450 | D:1      | Slain by a gnoll

Levels and vault maps discovered:
D:1:      ncdulo_wetmaze, layout_basic

Skill      XL: |  1  2  3 |
---------------+----------+-----
Ranged Weapons | 5 |  5.0
Fighting       | |  2.2
Dodging        | |  1.5
Stealth        | |  1.1

Action                     || total
---------------------------++-------
   Fire: Shortbow          ||    77
 Armour: Leather armour    ||    30
  Dodge: Dodged            ||    48

Table legend:
 A = Non-vault XP
 B = Vault XP
 C = Vault XP percentage of total XP
 D = Non-vault monster count
 E = Vault monster count
 F = Vault count percentage of total count
                 A         B        C        D         E       F
            +---------+---------+-------+---------+---------+-------
      Total |      43 |       0 |   0.0 |      24 |       0 |   0.0
            +---------+---------+-------+---------+---------+-------
        D:1 |      43 |       0 |   0.0 |      24 |       0 |   0.0
            +---------+---------+-------+---------+---------+-------
